 Dungeon Crawl Stone Soup version bcrawl-1.21.3 (webtiles) character file.

Game seed: 15418960498518904976

557 Freyura the Twirler (level 7, -1/52 HPs)
             Began as a Demonspawn Gladiator on Mar 30, 2020.
             Was a Follower of Makhleb.
             Slain by a troll (4 damage)
             ... on level 4 of the Dungeon.
             The game lasted 00:08:55 (4173 turns).

Freyura the Twirler (Demonspawn Gladiator)          Turns: 4173, Time: 00:08:56

Health: -1/52      AC: 10    Str: 14    XL:     7   Next: 9%
Magic:  9/9        EV: 11    Int: 10    God:    Makhleb [*.....]
Gold:   216        SH:  0    Dex: 16    Spells: 6/6 levels left

rFire    . . .     SeeInvis .   a - +0 quarterstaff
rCold    + . .     Gourm    .   (shield currently unavailable)
rNeg     + . .     Faith    .   w - +2 scale mail {rN+}
rPois    .         Spirit   .   c - +0 helmet
rElec    .         Reflect  .   o - +0 cloak
rCorr    .         Harm     .   (no gloves)
MR       .....                  (no boots)
Stlth    ..........             (no amulet)
HPRegen  0.17/turn              (no ring)
MPRegen  0.11/turn              (no ring)

@: no status effects
A: talons 2, cold resistance 1, spiny 1
a: Renounce Religion


You were on level 4 of the Dungeon.
You worshipped Makhleb.
Makhleb was aware of your devotion.
You were very hungry.

You visited 1 branch of the dungeon, and saw 4 of its levels.

You collected 216 gold pieces.

Inventory:

Hand Weapons
 a - a +0 quarterstaff (weapon)
Missiles
 d - 3 throwing nets (quivered) {!f}
Armour
 b - a +0 leather armour
 c - a +0 helmet (worn)
 o - a +0 cloak (worn)
 w - a +2 scale mail of positive energy (worn)
Jewellery
 f - an uncursed ring of protection from cold {unknown}
Wands
 t - a wand of polymorph (5)
 x - a wand of enslavement (6)
Scrolls
 g - a scroll of teleportation
 i - 2 scrolls of blinking {unknown}
 k - 2 scrolls of magic mapping
 l - a scroll of enchant armour {unknown}
 m - 5 scrolls of identify {unknown}
 n - a scroll of immolation {unknown}
 p - 2 scrolls of remove curse {unknown}
 u - a scroll of enchant weapon {unknown}
 v - a scroll of fog {unknown}
Potions
 h - a potion of haste
 j - 2 potions of ambrosia {unknown}
 q - 2 potions of heal wounds
 r - a potion of mutation {unknown}
 s - a potion of might {unknown}
Comestibles
 e - 6 rations {!d}


   Skills:
 + Level 3.6 Fighting
 * Level 4.8 Staves
 - Level 1.7 Throwing
 + Level 2.6 Armour
 + Level 3.8 Dodging
 + Level 3.2 Invocations


You had 6 spell levels left.
You didn't know any spells.
Your spell library was empty.

Dungeon Overview and Level Annotations

Branches:
Dungeon (4/12)
 Temple: D:4-7

Altars:
Makhleb
Okawaru

Shops:
D:4 [

Annotations:
D:4 1 runed door


Innate Abilities, Weirdness & Mutations

You have razor-sharp toenails.
Your flesh is cold resistant. (rC+)
You are partially covered in sharp spines.


Message History

You closely miss the troll. You claw the troll.
The troll is severely wounded.
The troll barely misses you. The troll claws you!
* * * LOW HITPOINT WARNING * * *
The troll claws you but does no damage.
You are feeling very hungry.
You barely miss the troll. Your kick misses the troll.
The troll is severely wounded.
The troll is struck by your spines. The troll bites you.
* * * LOW HITPOINT WARNING * * *
The troll closely misses you. The troll claws you but does no damage.
You hit the troll but do no damage. Your kick misses the troll.
The troll is severely wounded.
The troll closely misses you. The troll claws you but does no damage.
The troll claws you!
* * * LOW HITPOINT WARNING * * *
You hit the troll but do no damage.
The troll is severely wounded.
The troll bites you.
You die...

..##.#
#.....#
..##.#
#.....#
..##.#
#####.....#
..##.#
#.........#
..##.#
#.........#
.....#
#.........#
.....#
#............
.....#
#..........##
.....#
#.T@.......#
######
#....###.#.#
#..<.# .#.#
#....# .# .
......
##....##
###### #+#
♣.♣♣


You could see a troll.

Vanquished Creatures
  2 phantoms (D:4)
  A crimson imp (D:3)
  2 hounds
  An orc wizard (D:4)
  Ijyb (D:3)
  Natasha (twice) (D:4)
  2 worker ants (D:4)
  6 adders
  A river rat (D:3)
  An ooze (D:3)
  A worm (D:2)
  A dart slug (D:4)
  3 leopard geckos
  7 orcs
  3 bats
  3 giant cockroaches
  4 goblins
  7 hobgoblins
  8 jackals
  7 kobolds
  2 frilled lizards
  3 rats (D:1)
68 creatures vanquished.

Notes
Turn   | Place    | Note
-------+----------+-------------------------------------------
     0 | D:1      | Freyura the Demonspawn Gladiator began the quest for the
                  | Orb.
     0 | D:1      | Reached XP level 1. HP: 16/16 MP: 1/1
   139 | D:1      | Gained mutation: You have sharp toenails. [demonic
                  | ancestry]
   139 | D:1      | Reached XP level 2. HP: 22/22 MP: 2/2
   241 | D:1      | Reached skill level 3 in Staves
  1079 | D:2      | Gained mutation: Your flesh is cold resistant. (rC+)
                  | [demonic ancestry]
  1079 | D:2      | Reached XP level 3. HP: 27/28 MP: 3/3
  1237 | D:2      | Reached skill level 1 in Armour
  1617 | D:2      | Found a burning altar of Makhleb.
  1626 | D:2      | Became a worshipper of Makhleb the Destroyer
  2544 | D:3      | Noticed Terence
  2546 | D:3      | Noticed Terence
  2546 | D:3      | Terence changed into Terence the river rat
  2556 | D:3      | Killed Terence the river rat
  2556 | D:3      | Reached XP level 4. HP: 31/34 MP: 4/4
  2577 | D:3      | Reached skill level 1 in Invocations
  2597 | D:3      | Noticed Ijyb
  2666 | D:3      | Killed Ijyb
  2666 | D:3      | Gained mutation: You have razor-sharp toenails. [demonic
                  | ancestry]
  2666 | D:3      | Reached XP level 5. HP: 30/40 MP: 6/6
  2860 | D:3      | Found a burning altar of Makhleb.
  2957 | D:4      | Reached skill level 4 in Staves
  3140 | D:4      | Noticed Natasha
  3146 | D:4      | Killed Natasha
  3146 | D:4      | Gained mutation: You are partially covered in sharp spines.
                  | [demonic ancestry]
  3146 | D:4      | Reached XP level 6. HP: 35/47 MP: 7/7
  3368 | D:4      | Reached * piety under Makhleb
  3596 | D:4      | Found a runed door.
  3883 | D:4      | Found Xaitys's Armour Emporium.
  4026 | D:4      | Noticed Natasha
  4030 | D:4      | Killed Natasha
  4074 | D:4      | Found an iron altar of Okawaru.
  4087 | D:4      | Reached XP level 7. HP: 40/52 MP: 9/9
  4163 | D:4      | Noticed a troll
  4173 | D:4      | Slain by a troll

Skill      XL: |  1  2  3  4  5  6 |
---------------+-------------------+-----
Staves         | 3 4 |  4.8
Dodging        | 3 |  3.8
Armour         | 1 2 |  2.6
Invocations    | 1 2 3 |  3.2
Fighting       | 3 |  3.6
Throwing       | |  1.7

Action                   |  1- 3 |  4- 6 |  7- 9 || total
-------------------------+-------+-------+-------++-------
Melee: Quarterstaff      |   104 |   104 |     6 ||   214
       Kick              |    24 |    25 |     1 ||    50
       Unarmed           |       |    48 |       ||    48
Evoke: Wand              |     1 |       |       ||     1
  Use: Scroll            |     2 |       |       ||     2
       Potion            |       |     3 |       ||     3
 Stab: Sleeping          |     1 |       |       ||     1
  Eat: Chunk             |     1 |     5 |       ||     6
       Ration            |     1 |       |       ||     1
Armor: Leather armour    |    27 |       |       ||    27
       Skin              |       |     7 |       ||     7
       Scale mail        |       |    55 |     5 ||    60
Dodge: Dodged            |    72 |    91 |     6 ||   169
